Map: Incorporeal LE

Players

Serral - Winner!

  • Race: Zerg Zerg
  • Spawn Location: 11:00

Classic

  • Race: Protoss Protoss
  • Spawn Location: 5:00

Event: Esports World Cup 2025

VOD

https://www.youtube.com/watch?v=5BTtmzUxoXc

Description

Time

  • Played on: July 23, 2025, 1:41 p.m.
  • Length: 19:04

All games in this series

Show
View Real Time Build Order
Export as new Build Order

Serral Zerg - Winner!

Build Orders: Hatch First, Lurkers 

Get SALT Encoding   

  12  0:00  Drone  
  13  0:07  Drone  
  14  0:14  Extractor  
  14  0:15  Drone  
  15  0:21  Overlord  
  15  0:41  Drone  
  16  0:45  Hatchery  
  16  0:49  Drone  
  16  0:53  Drone  
  16  0:56  Drone  
  18  1:07  Extractor  
  17  1:11  Spawning Pool  
  17  1:15  Drone  
  17  1:18  Drone  
  18  1:26  Drone  
  19  1:37  Drone  
  20  1:48  Drone  
  21  1:58  Queen x2  
  21  2:00  Overlord  
  25  2:02  Zergling x2  
  26  2:10  Zergling x2, Metabolic Boost  
  26  2:13  Drone  
  28  2:19  Drone  
  28  2:20  Drone  
  30  2:32  Drone  
  30  2:34  Queen  
  33  2:43  Hatchery  
  32  2:48  Overlord  
  32  2:49  Drone  
  33  2:52  Drone  
  33  2:53  Drone  
  33  2:55  Drone  
  36  3:04  Overlord  
  36  3:07  Zergling x2  
  36  3:09  Drone x3  
  36  3:10  Drone  
  41  3:13  Drone  
  41  3:14  Drone  
  41  3:17  Drone  
  44  3:21  Spore Crawler  
  44  3:23  Overlord  
  43  3:29  Queen  
  45  3:35  Zergling x4  
  45  3:40  Zergling x8  
  51  3:43  Zergling x4  
  51  3:47  Overlord  
  53  3:49  Drone  
  53  3:51  Drone  
  53  3:55  Queen  
  57  3:59  Spore Crawler  
  57  4:02  Overlord  
  56  4:04  Drone  
  56  4:08  Drone  
  56  4:09  Drone x2  
  60  4:12  Drone x2  
  60  4:13  Drone  
  64  4:17  Drone x2  
  64  4:20  Overlord  
  64  4:21  Drone  
  65  4:24  Drone  
  65  4:25  Drone  
  65  4:31  Zergling x2  
  65  4:33  Drone x2  
  68  4:38  Drone, Roach Warren  
  68  4:39  Drone  
  68  4:44  Lair  
  68  4:45  Zergling x2, Drone x3  
  71  4:51  Overlord, Spore Crawler  
  72  4:53  Drone x2  
  72  4:59  Extractor  
  73  5:00  Drone x2  
  73  5:04  Drone  
  76  5:10  Drone x2  
  76  5:11  Drone x2  
  76  5:13  Drone x2  
  82  5:15  Overlord  
  82  5:16  Drone, Queen  
  85  5:22  Extractor  
  85  5:23  Drone x2  
  85  5:26  Drone x2  
  85  5:28  Hatchery  
  87  5:29  Overlord  
  87  5:30  Drone x2  
  88  5:38  Drone x3  
  88  5:39  Drone, Extractor  
  88  5:41  Evolution Chamber, Extractor x2  
  88  5:42  Overlord  
  87  5:43  Drone  
  87  5:47  Infestation Pit  
  87  5:49  Drone x2  
  88  5:51  Drone x3  
  88  5:53  Drone x3  
  88  5:54  Zergling x2  
  95  6:00  Zergling x2  
  95  6:02  Glial Reconstitution, Overlord, Hydralisk Den  
  94  6:04  Zergling x2  
  94  6:07  Zergling x6  
  98  6:12  Overlord  
  98  6:14  Overlord  
  98  6:18  Zergling x2  
  98  6:21  Zerg Missile Weapons Level 1  
  98  6:22  Overlord  
  99  6:27  Hive  
  99  6:29  Hatchery  
  99  6:31  Zergling x8  
  102  6:33  Muscular Augments  
  102  6:34  Hydralisk  
  102  6:35  Hydralisk x2  
  102  6:39  Drone x2  
  110  6:41  Drone x4  
  110  6:43  Hydralisk  
  110  6:45  Hydralisk  
  118  6:49  Overlord  
  118  6:54  Drone, Hydralisk, Lurker Den  
  118  7:00  Hydralisk x2  
  123  7:06  Extractor  
  123  7:07  Drone x2, Extractor  
  123  7:08  Drone x2, Hydralisk x2  
  125  7:13  Hydralisk  
  125  7:14  Hydralisk x2  
  133  7:20  Zergling x14  
  139  7:27  Zergling x6  
  139  7:28  Zergling x6  
  145  7:35  Overlord x3  
  145  7:36  Hydralisk x2  
  65  7:37  Grooved Spines  
  148  7:41  Zergling x8  
  152  7:45  Overseer, Pneumatized Carapace  
  152  7:46  Overseer  
  152  7:51  Zergling x2, Overlord  
  152  7:52  Zergling x10  
  158  7:59  Drone x7  
  158  8:01  Lurker x5  
  170  8:08  Queen  
  170  8:10  Queen  
  170  8:12  Nydus Network  
  173  8:13  Overseer  
  173  8:15  Queen  
  175  8:20  Drone x3  
  175  8:21  Drone  
  175  8:23  Lurker x4  
  175  8:24  Extractor  
  175  8:25  Extractor  
  175  8:26  Overlord  
  181  8:29  Queen  
  181  8:32  Seismic Spines  
  182  8:38  Drone x2  
  182  8:39  Drone  
  182  8:42  Drone x2  
  182  8:44  Hydralisk x3  
  189  8:50  Lurker  
  190  8:58  Spine Crawler  
  190  9:00  Spine Crawler  
  190  9:01  Lurker x3  
  191  9:09  Nydus Canal  
  191  9:15  Lurker x3  
  194  9:19  Drone  
  194  9:23  Lurker x2  
  197  9:25  Overseer  
  197  9:26  Overlord  
  197  9:29  Adaptive Talons  
  196  9:44  Hydralisk  
  198  9:50  Zerg Missile Weapons Level 2  
  198  9:58  Hydralisk  
  200  10:09  Overlord, Nydus Canal  
  200  10:13  Hydralisk  
  191  10:24  Hydralisk x5  
  191  10:25  Zergling x4  
  191  10:27  Nydus Canal  
  191  10:28  Hydralisk x4  
  178  10:29  Zergling x14  
  178  10:34  Drone x2  
  184  10:43  Drone x7  
  184  10:45  Drone x2  
  184  10:47  Extractor  
  182  10:51  Queen x5  
  182  10:53  Zergling x26  
  194  11:04  Nydus Canal  
  194  11:09  Spine Crawler  
  191  11:11  Spine Crawler  
  191  11:13  Spire  
  191  11:17  Drone  
  191  11:18  Drone x2  
  192  11:19  Overseer  
  192  11:20  Nydus Canal  
  192  11:26  Hydralisk x3, Queen  
  192  11:27  Hatchery  
  193  11:42  Hydralisk x5  
  193  11:44  Zergling x2  
  193  11:45  Zergling x12  
  199  11:50  Nydus Canal  
  196  11:55  Overseer x2  
  196  11:59  Lurker x3  
  199  12:04  Spore Crawler  
  199  12:07  Zerg Melee Weapons Level 1, Lurker x3  
  199  12:21  Drone x2, Spine Crawler x2  
  199  12:23  Overlord x2  
  199  12:27  Overlord x2, Zerg Flyer Armor Level 1  
  199  12:30  Overlord  
  193  12:37  Overseer x3  
  182  12:49  Corruptor x13, Viper  
  182  12:51  Corruptor x3  
  198  13:11  Corruptor, Spire  
  199  13:12  Overseer  
  199  13:13  Overseer  
  199  13:16  Lurker  
  200  13:25  Spore Crawler  
  199  13:27  Lurker  
  199  13:28  Extractor  
  199  13:30  Nydus Canal  
  199  13:33  Extractor  
  198  13:36  Spine Crawler x2  
  198  13:38  Drone x2  
  198  13:42  Drone x2  
  200  13:49  Nydus Canal  
  200  13:51  Overseer x2  
  196  14:06  Hydralisk x2  
  196  14:09  Overseer  
  198  14:10  Overseer x4  
  198  14:17  Nydus Canal  
  198  14:21  Hydralisk x2  
  198  14:22  Hydralisk  
  196  14:29  Corruptor x2  
  199  14:33  Spore Crawler  
  199  14:34  Spore Crawler  
  199  14:38  Greater Spire, Zerg Flyer Weapons Level 1  
  196  14:40  Infestor x3  
  197  14:46  Adrenal Glands  
  197  14:47  Neural Parasite  
  197  14:48  Burrow, Infestor x2  
  190  15:08  Lurker x5  
  190  15:12  Zergling x8  
  190  15:13  Spore Crawler  
  198  15:15  Nydus Canal, Spore Crawler  
  198  15:18  Hatchery  
  196  15:23  Zergling x6  
  193  15:37  Zerg Melee Weapons Level 2  
  193  15:48  Hatchery  
  192  15:50  Zergling x14  
  197  16:00  Nydus Canal  
  193  16:14  Spine Crawler  
  193  16:15  Spore Crawler  
  190  16:22  Brood Lord  
  190  16:23  Brood Lord x3  
  190  16:24  Zerg Flyer Armor Level 2  
  197  16:45  Corruptor x2  
  192  16:58  Corruptor x3  
  197  17:10  Brood Lord x2  
  186  17:25  Corruptor x4  
  170  17:40  Corruptor x6  
  177  17:47  Brood Lord x5  
  177  17:48  Brood Lord x3  
  177  17:50  Corruptor x5  
  181  18:01  Corruptor x5  
  179  18:22  Brood Lord  
  148  18:48  Drone x2  
  148  18:50  Drone  
Show
View Real Time Build Order
Export as new Build Order

Classic Protoss 

Build Orders: 1 Gate Expand, Oracle Opening, Zealot Archon 

Get SALT Encoding   

  12  0:00  Probe  
  13  0:12  Probe  
  14  0:17  Pylon  
  14  0:24  Probe  
  15  0:32  Probe  
  15  0:37  Gateway  
  15  0:40  Probe  
  16  0:46  Assimilator  
  17  0:51  Probe  
  18  1:03  Probe  
  19  1:15  Probe  
  20  1:23  Nexus  
  20  1:34  Cybernetics Core  
  20  1:36  Probe  
  21  1:43  Assimilator  
  21  1:49  Probe  
  21  1:52  Pylon  
  22  2:00  Adept  
  22  2:01  Probe  
  23  2:13  Probe  
  23  2:15  Stargate  
  26  2:24  Warp Gate  
  26  2:25  Probe  
  26  2:29  Stalker  
  27  2:31  Probe  
  27  2:33  Probe  
  31  2:39  Probe  
  31  2:41  Probe  
  32  2:49  Probe  
  33  2:51  Oracle, Probe  
  35  3:01  Probe  
  35  3:03  Probe  
  40  3:09  Pylon  
  40  3:13  Probe  
  40  3:15  Probe  
  40  3:16  Adept  
  44  3:21  Gateway  
  44  3:22  Oracle  
  44  3:25  Probe  
  45  3:28  Probe  
  49  3:38  Probe  
  49  3:40  Probe  
  51  3:51  Nexus  
  51  3:53  Pylon  
  51  3:54  Probe  
  52  3:56  Probe  
  52  4:01  Assimilator  
  53  4:03  Assimilator  
  53  4:07  Probe  
  54  4:11  Probe  
  54  4:14  Adept  
  54  4:16  Shield Battery  
  57  4:18  Pylon, Adept  
  59  4:27  Twilight Council  
  59  4:28  Pylon  
  59  4:30  Probe x2  
  59  4:40  Shield Battery  
  59  4:42  Probe x2  
  59  4:44  Adept x2  
  65  4:51  Gateway  
  65  4:52  Forge  
  65  4:54  Gateway, Probe  
  65  4:55  Probe  
  65  4:57  Pylon  
  65  4:59  Probe  
  67  5:04  Probe x2  
  68  5:07  Probe  
  68  5:09  Blink  
  71  5:14  Shield Battery, Probe  
  71  5:17  Templar Archives  
  71  5:18  Probe  
  71  5:19  Probe  
  74  5:31  Stalker x2  
  78  5:37  Protoss Ground Weapons Level 1  
  78  5:40  Probe x2  
  78  5:42  Probe  
  81  5:45  Gateway x2  
  81  5:48  Psionic Storm  
  81  5:50  Stalker  
  81  5:54  Probe x3  
  86  6:01  Pylon  
  86  6:02  Pylon  
  86  6:05  Assimilator  
  86  6:08  Gateway  
  86  6:09  Assimilator  
  86  6:13  Gateway  
  86  6:14  Probe x2  
  88  6:19  High Templar x2  
  88  6:22  Pylon, Photon Cannon  
  92  6:26  Pylon  
  92  6:29  Probe x3  
  95  6:41  Photon Cannon  
  95  6:44  Pylon  
  95  6:48  High Templar x2  
  95  6:49  Probe x3  
  102  6:59  Nexus  
  102  7:00  Pylon  
  102  7:01  High Templar x2  
  102  7:04  Pylon, Photon Cannon  
  102  7:06  Probe x3  
  107  7:15  Charge  
  107  7:23  Probe  
  107  7:24  Probe x2  
  110  7:30  Assimilator  
  110  7:34  High Templar x2  
  110  7:35  Probe, Assimilator  
  110  7:36  Probe x2  
  117  7:37  Photon Cannon  
  117  7:39  Photon Cannon  
  117  7:41  Pylon, Photon Cannon  
  117  7:44  Shield Battery  
  117  7:46  Pylon  
  117  7:47  High Templar x2  
  117  7:48  Probe x3  
  124  7:51  Archon  
  124  8:00  Probe x3  
  124  8:01  High Templar, Photon Cannon  
  124  8:02  High Templar  
  124  8:04  Photon Cannon  
  131  8:06  Photon Cannon  
  131  8:07  Gateway x2  
  131  8:08  Photon Cannon  
  131  8:09  Shield Battery  
  131  8:10  Archon  
  131  8:12  Photon Cannon  
  131  8:13  Shield Battery  
  131  8:18  Probe x4  
  135  8:24  Stargate  
  135  8:26  Fleet Beacon, Protoss Ground Weapons Level 2  
  135  8:33  Photon Cannon  
  135  8:34  Pylon  
  129  8:49  Pylon  
  129  8:55  Zealot x8  
  145  9:03  Robotics Facility, Tempest x2  
  145  9:05  Nexus  
  145  9:06  Protoss Air Weapons Level 1  
  145  9:13  Photon Cannon  
  161  9:20  Photon Cannon  
  161  9:25  Mothership  
  161  9:30  Pylon  
  161  9:35  Tempest x2  
  161  9:43  Zealot x8  
  178  9:59  Photon Cannon  
  177  10:04  Zealot x6  
  177  10:05  Photon Cannon, Zealot x2  
  193  10:10  Photon Cannon  
  192  10:22  Tempest x2  
  174  10:35  Pylon  
  174  10:40  Warp Prism  
  172  10:48  Pylon  
  162  10:50  Pylon  
  162  10:52  Pylon  
  162  10:54  High Templar x2  
  162  10:55  High Templar  
  148  11:04  Tempest  
  148  11:05  Tempest  
  148  11:11  Zealot x5  
  166  11:20  Pylon, Nexus  
  161  11:37  Zealot  
  161  11:38  Zealot x7  
  170  11:43  Archon  
  170  11:48  Carrier  
  175  12:04  Pylon  
  175  12:11  Pylon  
  175  12:12  Pylon  
  175  12:14  Pylon  
  175  12:16  Nexus  
  174  12:29  Pylon  
  174  12:30  Pylon  
  174  12:32  Pylon  
  148  12:49  Tempest x2  
  144  13:04  High Templar x3  
  144  13:05  High Templar x4  
  148  13:06  Observer, High Templar  
  148  13:08  Archon  
  148  13:09  Archon x3  
  155  13:18  Immortal, Assimilator  
  155  13:28  Pylon  
  159  13:43  High Templar x4  
  159  13:47  Tempest  
  159  13:48  Archon x2  
  167  13:56  Nexus  
  167  13:57  Pylon  
  167  14:01  High Templar  
  173  14:12  Tempest  
  173  14:16  Observer  
  146  14:46  Zealot x3  
  146  14:48  High Templar x2  
  156  14:59  Archon  
  156  15:18  Probe x2  
  156  15:19  Probe  
  167  15:29  Assimilator  
  167  15:30  Probe x2  
  167  15:32  Assimilator  
  155  15:45  High Templar  
  155  15:46  High Templar  
  155  15:48  Probe x3  
  155  15:49  Archon  
  162  15:52  High Templar x2  
  166  15:57  Archon  
  166  16:00  Probe  
  165  16:08  Zealot x2  
  168  16:18  Photon Cannon  
  166  16:19  Probe x2  
  166  16:20  Probe x2, Photon Cannon  
  166  16:22  Photon Cannon  
  170  16:26  Observer  
  170  16:31  High Templar x3  
  170  16:32  High Templar  
  179  16:35  Archon  
  179  16:36  Archon  
  179  16:52  Zealot x2  
  183  16:54  Photon Cannon  
  179  17:12  Pylon  
  157  17:38  Observer  
  151  17:48  High Templar  
  151  17:49  High Templar x3, Zealot x2  
Tags
 
Add a new tag
Caveats
  • Supply blocks, unpowered buildings, or Contaminate may cause inaccurate times.
  • Supply counts are checked every 10 seconds.